 Dungeon Sprint DCSS version 0.19.1-1-g22dce08 (webtiles) character file.

49 dvd the Twirler (level 3, -3/46 HPs)
             Began as a Minotaur Gladiator on Jan 2, 2017.
             Slain by a water elemental (8 damage)
             ... in the Dungeon (Sprint III: "The Ten Rune Challenge").
             The game lasted 00:01:05 (309 turns).

dvd the Twirler (Minotaur Gladiator)                 Turns: 309, Time: 00:01:05

Health: -3/46      AC:  4    Str: 25    XL:     3   Next: 53%
Magic:  2/2        EV: 14    Int:  5    God:
Gold:   22         SH:  0    Dex: 10    Spells: 0 memorised, 2 levels left

rFire  . . .     SeeInvis .     a - +0 quarterstaff
rCold  . . .     Gourm    .     m - +2 robe {rN+}
rNeg   + . .     Faith    .     (shield currently unavailable)
rPois  .         Spirit   .     c - +0 hat
rElec  .         Reflect  .     (no cloak)
rCorr  .         Harm     .     (no gloves)
MR     .....     NoTele   +     (no boots)
Stlth  ..........               (no amulet)
                                (no ring)
                                (no ring)

@: berserking, engulfed (cannot breathe), very quick
A: retaliatory headbutt, horns 2
a: no special abilities


You were in the Dungeon.
You were not hungry.

You visited 1 branch You collected 22 gold pieces.

Inventory:

Hand Weapons
 a - a +0 quarterstaff (weapon)
Missiles
 d - 3 throwing nets (quivered)
Armour
 b - a +0 leather armour
 c - a +0 hat (worn)
 m - a +2 robe of positive energy (worn)
Scrolls
 k - a scroll of blinking
 o - 2 scrolls of holy word {unknown}
 p - 2 scrolls of identify
 q - 2 scrolls of recharging {unknown}
 t - 2 scrolls of remove curse
Potions
 e - a potion of curing
 g - a potion of heal wounds
 h - a potion of haste
 i - 2 potions of magic
 n - 2 potions of mutation {unknown}
 r - 3 potions of cure mutation
 s - 3 potions of flight
Comestibles
 f - 2 bread rations
 l - a chunk of flesh
 u - a royal jelly


   Skills:
 + Level 3.3 Fighting
 + Level 6.6 Staves
 + Level 3.1 Throwing
 + Level 5.6 Dodging


You had 2 spell levels left.
You didn't know any spells.

Dungeon Overview and Level Annotations

Branches:
Dungeon (1/1)

Altars:


Innate Abilities, Weirdness & Mutations

You reflexively headbutt those who attack you in melee.
You have a pair of horns on your head.


Message History

The water elemental is lightly damaged.
Your lungs strain for air!
The water elemental hits you.
You sock the water elemental!
The water elemental is moderately damaged.
* * * LOW HITPOINT WARNING * * *
Your lungs strain for air!
The water elemental barely misses you.
Unknown command.
A red film seems to cover your vision as you go berserk!
You feel yourself moving faster!
You feel mighty!
* * * LOW HITPOINT WARNING * * *
Your lungs strain for air!
The water elemental misses you.
You hit the water elemental. You headbutt the water elemental!
The water elemental is almost destroyed.
* * * LOW HITPOINT WARNING * * *
Your lungs strain for air!
The water elemental hits you!
You die...

▓▓▓▓▓▓▓▓▓▓ ▓▓▓
<.#..'...♣♣♣♣ ♣.#
..#..#......♣ ♣.#
#'####....♣.♣ ♣♣.#
.....#....≈.♣♣♣..# #+#+#
.....#...≈≈.♣♣...#......
....)#..≈≈≈≈♣..♣@E.⌠....
####'#..≈≈≈≈≈≈...#...###
(.)..#.≈≈≈≈≈≈....# ⌠.#
.....#.≈≈≈≈≈.....# .#
.....#.≈≈≈.......# #
'#####...........#
.................#
▓▓▓▓▓▓▓▓▓▓▓▓▓▓▓▓▓▓


You could see a water elemental.

Vanquished Creatures
  Jessica (D)
  A human (D)
  A phantom (D)
  3 rats (D)
6 creatures vanquished.

Vanquished Creatures (others)
  2 draconian scorchers (D)
  6 hellions (D)
  A yaktaur (D)
9 creatures vanquished.

Grand Total: 15 creatures vanquished

Notes
Turn   | Place    | Note
-------+----------+-------------------------------------------
     0 | D        | dvd the Minotaur Gladiator began the quest for the Orb.
     0 | D        | Reached XP level 1. HP: 18/18 MP: 0/0
     7 | D        | Reached skill level 4 in Staves
    18 | D        | Noticed Jessica
    20 | D        | Killed Jessica
    20 | D        | Reached skill level 5 in Staves
    20 | D        | Reached skill level 5 in Dodging
    20 | D        | Reached XP level 2. HP: 26/26 MP: 1/1
    58 | D        | Reached skill level 6 in Staves
    58 | D        | Reached XP level 3. HP: 29/31 MP: 2/2
    76 | D        | Killed a hellion
    88 | D        | Killed a hellion
    92 | D        | Killed a hellion
   116 | D        | Killed a yaktaur
   129 | D        | Killed a hellion
   147 | D        | Killed a hellion
   156 | D        | Killed a white draconian scorcher
   161 | D        | Killed a hellion
   180 | D        | Killed a white draconian scorcher
   303 | D        | Noticed a water elemental
   309 | D        | Slain by a water elemental

Skill      XL: |  1  2  3 |
---------------+----------+-----
Staves         | 5 6 |  6.6
Fighting       | 3 |  3.3
Dodging        | 5 |  5.6
Throwing       | 3 |  3.1

Action                   || total
-------------------------++-------
Melee: Quarterstaff      ||    24
       Headbutt          ||     3
  Use: Potion            ||     1
Dodge: Dodged            ||    13
